 Dungeon Crawl Stone Soup version 0.25-a0-890-g62861fb (webtiles) character file.

Game seed: 3342300388029164052, levelgen mode: deterministic

15039 Revel the Spear-Bearer (level 11, -1/83 HPs)
             Began as a Demonspawn Gladiator on May 2, 2020.
             Was a High Priest of Makhleb.
             Slain by a four-headed hydra (11 damage)
             ... on level 2 of the Lair of Beasts on May 3, 2020.
             The game lasted 00:41:01 (11667 turns).

Revel the Spear-Bearer (Demonspawn Gladiator)      Turns: 11667, Time: 00:41:01

Health: -1/83      AC: 12    Str: 18    XL:     11   Next: 96%
Magic:  0/25       EV: 15    Int: 10    God:    Makhleb [*****.]
Gold:   523        SH:  4    Dex: 14    Spells: 8/10 levels left

rFire    . . .     SeeInvis .   H - +9 staff of Olgreb {rPois∞}
rCold    + + .     Gourm    +   G - +0 buckler
rNeg     . . .     Faith    .   M - +1 leather armour "Dakec" {rElec rC+ Regen+ rCorr}
rPois    ∞         Spirit   +   c - +2 helmet
rElec    +         Reflect  .   (no cloak)
rCorr    +         Harm     .   (no gloves)
MR       .....                  o - +0 pair of boots
Stlth    +++.......             u - amulet of the gourmand
HPRegen  0.63/turn              D - ring of magical power
MPRegen  0.38/turn              O - ring of protection from cold

@: no status effects
A: talons 2, icy blue scales 2, demonic guardian 1, magic shield, magic
regeneration
a: Minor Destruction, Lesser Servant of Makhleb, Major Destruction, Greater
Servant of Makhleb, Renounce Religion


You were on level 2 of the Lair of Beasts.
You worshipped Makhleb.
Makhleb was extremely pleased with you.
You were very full.

You visited 2 branches of the dungeon, and saw 12 of its levels.
You also visited: Sewer and Ossuary.

You collected 719 gold pieces.
You spent 196 gold pieces at shops.

Inventory:

Hand Weapons
 a - a +0 trident
 H - the +9 staff of Olgreb (weapon) {rPois∞}
   (You found it on level 6 of the Dungeon)

   It grants immunity to poison.
 J - the +1 mace of Nemelex Xobeh {vorpal, +Rage rF+++ Str-2}
   (You took it off a centaur on level 9 of the Dungeon)

   It inflicts extra damage upon your enemies.
   It affects your strength (-2).
   It renders you almost immune to fire.
   It lets you go berserk.
Missiles
 d - 3 throwing nets (quivered)
 m - 8 javelins
Armour
 c - a +2 helmet (worn)
 o - a +0 pair of boots (worn)
 y - a +0 leather armour of magic resistance
 G - a +0 buckler (worn)
 M - the +1 leather armour "Dakec" (worn) {rElec rC+ Regen+ rCorr}
   (You bought it in a shop on level 9 of the Dungeon)

   It protects you from cold.
   It insulates you from electricity.
   It increases your rate of regeneration.
   It provides partial protection from all sources of acid and corrosion.
Jewellery
 u - an amulet of the gourmand (around neck)
 D - a ring of magical power (left hand)
 E - the ring of Rolouc {*Tele rN+++ MR+ MP-9}
   (You found it on level 6 of the Dungeon)

   [ring of teleportation]

   It may teleport you next to monsters.
   It renders you almost immune to negative energy.
   It affects your resistance to hostile enchantments.
   It affects your magic capacity (-9).
 O - a ring of protection from cold (right hand)
 P - an uncursed amulet of rage
Wands
 t - a wand of flame (22)
 v - a wand of random effects (32)
 z - a wand of paralysis (10)
 C - a wand of polymorph (9)
 I - a wand of scattershot (2)
 N - a wand of clouds (2)
Scrolls
 b - 3 scrolls of remove curse
 j - 9 scrolls of teleportation
 k - 2 scrolls of fear
 l - a scroll of enchant armour
 r - a scroll of fog
 s - a scroll of blinking
 F - 3 scrolls of immolation
 L - 2 scrolls of amnesia
Potions
 e - a potion of mutation
 g - a potion of curing
 h - a potion of resistance
 i - 2 potions of stabbing
 n - a potion of berserk rage
 p - 3 potions of brilliance
 q - 3 potions of ambrosia
 w - 5 potions of heal wounds
 x - 2 potions of flight
 A - a potion of might
 B - 2 potions of lignification
 K - 2 potions of cancellation
Comestibles
 f - 17 rations


   Skills:
 + Level 6.9 Fighting
 - Level 9.3(10.1) Polearms
 * Level 6.4(8.8) Staves
 - Level 1.7 Throwing
 + Level 5.9 Armour
 + Level 6.6 Dodging
 + Level 5.8 Stealth
 + Level 2.8 Shields
 + Level 0.9 Charms
 * Level 7.9 Evocations


You had 8 spell levels left.
You knew the following spells:

 Your Spells              Type           Power        Failure   Level  Hunger
a - Swiftness             Chrm/Air       #.......     54%         2    ###....

Your spell library contained the following spells:

 Spells                   Type           Power        Failure   Level  Hunger
 Shock                    Conj/Air       #...         45%         1    ##.....
 Summon Small Mammal      Summ           #...         45%         1    ##.....
 Call Imp                 Summ           #.......     61%         2    ###....
 Call Canine Familiar     Summ           #.......     83%         3    ####...
 Static Discharge         Conj/Air       #.......     83%         3    ####...
 Summon Guardian Golem    Hex/Summ       #.......     83%         3    ####...
 Airstrike                Air            #.........   99%         4    #####..
 Summon Ice Beast         Ice/Summ       #.......     99%         4    #####..
 Summon Lightning Spire   Summ/Air       #.......     99%         4    #####..
 Lightning Bolt           Conj/Air       #.........   100%        5    ######.


Dungeon Overview and Level Annotations

Branches:
Dungeon (10/15)            Temple (0/1) D:7            Lair (2/6) D:9
    Orc (0/2) D:9           Sewer (visited)         Ossuary (visited)
  Swamp: Lair:2-4    Shoals: Lair:2-4     Snake: Lair:2-4    Spider: Lair:2-4

Altars:
Ashenzari
Cheibriados
Makhleb
Nemelex Xobeh
Qazlal
Trog
Vehumet
Wu Jian
Xom
Zin

Shops:
D:4 [   D:8 ?*[!*   D:9 [

Annotations:
D:6 1 runed translucent door


Innate Abilities, Weirdness & Mutations

You have razor-sharp toenails.
You are mostly covered in icy blue scales. (AC +3)
A weak demonic guardian rushes to your aid.
When hurt, damage is shared between your health and your magic reserves.
You regenerate magic rapidly.


Message History

You hit the four-headed hydra.
You envenom the four-headed hydra.
The four-headed hydra is poisoned.
The four-headed hydra is moderately wounded.
The yak closely misses your ufetubus. The yak gores you!
Your ufetubus hits the four-headed hydra.
Your ufetubus barely misses the four-headed hydra.
The four-headed hydra bites you!
The four-headed hydra bites you but does no damage.
The four-headed hydra bites you!
* * * LOW HITPOINT WARNING * * *
The four-headed hydra barely misses you.
Your ufetubus completely misses the four-headed hydra.
Your ufetubus hits the four-headed hydra.
The yak gores your ufetubus!
Your ufetubus dies!
The four-headed hydra bites you but does no damage.
The four-headed hydra bites you!
* * * LOW HITPOINT WARNING * * *
The four-headed hydra bites you!
You die...

...#....P#....##.......##....
....#....####.#P.......##.###
####.....##.#.P.......P#.###
##.#.......>................
............................
............................
..........................†.
......>.##..###.............
...........@##.......###.P..
........##..D...<....# #.##.
.#.......#.Y..#.......#....P
.P...........#.......#......
........##....Y†......P....#
........##....Y.......P....
........##...##......#
#.......##..## ......#
........##.P# .......


You could see a four-headed hydra and 3 yaks.

Vanquished Creatures
  A hydra (Lair:1)
  The ghost of iamoutofideas the Blocker, a journeyman GnFi of Gozag (D:9)
  A two-headed ogre (D:9)
  Erica (D:8)
  4 spiny frogs
  Grinder (D:3)
  4 blink frogs (Lair:1)
  2 hippogriffs
  A spriggan (D:10)
  19 yaks
  A wyvern (D:8)
  2 soldier ants (D:6)
  2 water moccasins
  3 porcupines
  2 orc warriors (D:7)
  2 sky beasts
  A black bear (D:7)
  An ice beast (D:7)
  A necrophage (D:10)
  6 phantoms
  3 ogres
  4 centaurs
  2 crocodiles
  An elf zombie (Ossuary)
  7 bullfrogs
  6 scorpions
  8 killer bees
  2 troll zombies (D:9)
  3 wights (D:6)
  2 howler monkeys
  5 crimson imps
  A centaur zombie (Ossuary)
  5 hounds
  An orc priest (D:7)
  2 jellies
  A human zombie (Ossuary)
  A bullfrog skeleton (D:7)
  2 centaur skeletons
  Jessica (D:3)
  6 orc wizards
  5 iguanas
  15 worker ants
  7 ogre zombies
  3 hound skeletons
  7 mummies (Ossuary)
  Robin (D:2)
  3 gnolls (D:3)
  25 adders
  An ooze (D:1)
  2 adder zombies (Ossuary)
  2 adder skeletons
  3 dart slugs
  7 leopard geckos
  25 orcs
  4 ball pythons
  6 giant cockroaches
  14 goblins
  11 hobgoblins
  3 jackals (D:5)
  15 kobolds
  4 quokkas
  6 bats
  11 frilled lizards
  A gnoll zombie (Ossuary)
  2 goblin skeletons (D:9)
  7 goblin zombies
  2 hobgoblin zombies (Ossuary)
  4 kobold zombies (Ossuary)
  2 orc skeletons (D:9)
  12 orc zombies
  2 quokka skeletons
  4 quokka zombies
  15 rats
  6 rat zombies (Ossuary)
356 creatures vanquished.

Vanquished Creatures (collateral kills)
  A two-headed ogre (D:8)
  A hippogriff (Lair:1)
  A yak (Lair:1)
  A black bear (D:6)
  A hornet zombie (D:10)
  An ogre (D:7)
  A phantom (D:6)
  A centaur (D:8)
  A bullfrog (D:8)
  5 killer bees
  An orc wizard (D:5)
  A worker ant (D:6)
  An ogre zombie (D:9)
  A worker ant zombie (D:8)
  2 orcs (D:5)
  A giant cockroach (D:5)
  A hobgoblin zombie (D:9)
22 creatures vanquished.

Grand Total: 378 creatures vanquished

Notes
Turn   | Place    | Note
-------+----------+-------------------------------------------
     0 | D:1      | Revel the Demonspawn Gladiator began the quest for the Orb.
     0 | D:1      | Reached XP level 1. HP: 16/16 MP: 1/1
    26 | D:1      | Reached skill level 3 in Polearms
    48 | D:1      | Gained mutation: When hurt, damage is shared between your
                  | health and your magic reserves. [demonic ancestry]
    48 | D:1      | Reached XP level 2. HP: 15/22 MP: 2/2
   146 | D:1      | Reached skill level 1 in Stealth
   395 | D:1      | Gained mutation: You regenerate magic rapidly. [demonic
                  | ancestry]
   395 | D:1      | Reached XP level 3. HP: 27/27 MP: 3/3
   538 | D:2      | Found a bloodstained altar of Trog.
   719 | D:2      | Reached skill level 4 in Polearms
   964 | D:2      | Reached XP level 4. HP: 31/33 MP: 4/4
  1162 | D:2      | Noticed Robin
  1196 | D:2      | Killed Robin
  1270 | D:2      | Found an ornate altar of the Wu Jian Council.
  1673 | D:3      | Found a burning altar of Makhleb.
  1679 | D:3      | Became a worshipper of Makhleb the Destroyer
  1849 | D:3      | Gained mutation: A weak demonic guardian rushes to your
                  | aid. [demonic ancestry]
  1849 | D:3      | Reached XP level 5. HP: 31/38 MP: 5/5
  1903 | D:3      | Noticed Grinder
  1997 | D:3      | Paralysed by Grinder for 4 turns
  2004 | D:3      | Paralysed by Grinder for 4 turns
  2019 | D:3      | Killed Grinder
  2019 | D:3      | Reached skill level 6 in Polearms
  2019 | D:3      | Reached XP level 6. HP: 27/44 MP: 2/6
  2588 | D:3      | Reached * piety under Makhleb
  2718 | D:3      | Noticed Jessica
  2724 | D:3      | Killed Jessica
  3430 | D:4      | Found a snail-covered altar of Cheibriados.
  3457 | D:4      | Reached skill level 7 in Polearms
  3468 | D:4      | Reached XP level 7. HP: 47/50 MP: 5/7
  3488 | D:4      | Found Jogazeqo's Armour Shoppe.
  3747 | D:4      | Found a shimmering altar of Xom.
  3820 | D:5      | Entered Level 5 of the Dungeon
  3828 | D:5      | Found a shattered altar of Ashenzari.
  4008 | D:5      | Reached skill level 8 in Polearms
  4511 | D:5      | Found a glowing drain.
  4515 | D:5      | Reached ** piety under Makhleb
  4527 | Sewer    | Entered a sewer
  4803 | Sewer    | Reached skill level 1 in Armour
  4937 | D:6      | Gained mutation: You have sharp toenails. [demonic
                  | ancestry]
  4937 | D:6      | Reached XP level 8. HP: 56/57 MP: 8/8
  5205 | D:6      | Found a sand-covered staircase.
  5225 | Ossuary  | Entered an ossuary
  5322 | Ossuary  | Reached *** piety under Makhleb
  5441 | Ossuary  | Reached skill level 9 in Polearms
  6081 | D:6      | Found a runed translucent door.
  6086 | D:6      | Found a runed translucent gate.
  6088 | D:6      | Found a runed translucent gate.
  6088 | D:6      | Found a runed translucent gate.
  6097 | D:6      | Found a runed translucent door.
  6238 | D:6      | Found the +9 staff of Olgreb {rPois∞}
  6525 | D:6      | Gained mutation: You are partially covered in icy blue
                  | scales. (AC +2) [demonic ancestry]
  6525 | D:6      | Reached XP level 9. HP: 48/65 MP: 9/9
  6556 | D:6      | Reached skill level 1 in Evocations
  6820 | D:6      | Got a heavily runed bronze ring
  6821 | D:6      | Identified the ring of Rolouc {*Tele rN+++ MR+ MP-9} (You
                  | found it on level 6 of the Dungeon)
  7587 | D:7      | Reached **** piety under Makhleb
  7658 | D:7      | Reached skill level 1 in Staves
  7704 | D:7      | Found a staircase to the Ecumenical Temple.
  7822 | D:7      | Reached skill level 5 in Fighting
  7822 | D:7      | Reached skill level 5 in Dodging
  8316 | D:7      | Gained mutation: You are mostly covered in icy blue scales.
                  | (AC +3) [demonic ancestry]
  8316 | D:7      | Reached XP level 10. HP: 74/74 MP: 13/13
  8578 | D:8      | Found Icroton's General Store.
  8595 | D:8      | Found Usomagh's Magic Scroll Shoppe.
  8595 | D:8      | Noticed a two-headed ogre
  8600 | D:8      | Reached ***** piety under Makhleb
  8608 | D:8      | Killed a two-headed ogre
  8608 | D:8      | Reached skill level 5 in Evocations
  8688 | D:8      | Noticed Erica
  8723 | D:8      | Killed Erica
  8814 | D:8      | Found Jomimihaukk's Distillery.
  8867 | D:8      | Found Alesootech's Antique Armour Emporium.
  8967 | D:8      | Found a radiant altar of Vehumet.
  9014 | D:8      | Found Unlohubb's General Store.
  9093 | D:8      | Found a glowing silver altar of Zin.
  9273 | D:9      | Found a staircase to the Lair.
  9297 | D:9      | Identified the +1 mace of Nemelex Xobeh {vorpal, +Rage
                  | rF+++ Str-2}
  9402 | D:9      | Found a staircase to the Orcish Mines.
  9492 | D:9      | Found a sparkling altar of Nemelex Xobeh.
  9539 | D:9      | Found Etorghecw's Antique Armour Shop.
  9547 | D:9      | Bought a bloodstained leather armour for 196 gold pieces
  9559 | D:9      | Identified the +1 leather armour "Dakec" {rElec rC+ Regen+
                  | rCorr} (You bought it in a shop on level 9 of the Dungeon)
  9789 | D:9      | Reached skill level 5 in Armour
  9920 | D:9      | Found a large runed translucent door.
  9920 | D:9      | Found a large runed translucent door.
  9920 | D:9      | Noticed iamoutofideas's ghost (journeyman GnFi)
  9945 | D:9      | Noticed a two-headed ogre
  9959 | D:9      | Killed a two-headed ogre
  9959 | D:9      | Gained mutation: You have razor-sharp toenails. [demonic
                  | ancestry]
  9959 | D:9      | Reached XP level 11. HP: 64/81 MP: 15/15
  9973 | D:9      | Found a stormy altar of Qazlal.
 10478 | D:9      | Killed iamoutofideas's ghost
 10478 | D:9      | Reached skill level 5 in Staves
 10478 | D:9      | Reached skill level 5 in Stealth
 10528 | D:10     | Entered Level 10 of the Dungeon
 10540 | D:10     | Reached skill level 1 in Shields
 10540 | D:10     | Noticed a deep elf mage
 10613 | Lair:1   | Entered Level 1 of the Lair of Beasts
 10638 | Lair:1   | Noticed a five-headed hydra
 10658 | Lair:1   | Killed a five-headed hydra
 11195 | Lair:1   | Learned a level 2 spell: Swiftness
 11647 | Lair:2   | Noticed a four-headed hydra
 11667 | Lair:2   | Slain by a four-headed hydra

Levels and vault maps discovered:
D:1:      noname_arrival_rooms_in_the_neighbourhood, layout_rooms
D:2:      layout_loops_corners, marbit_many_paths, lightli_temple_of_fire,
          uniq_robin
D:3:      layout_basic, lemuel_doored_altar, first_ration,
          minmay_strange_pillars, uniq_jessica, uniq_grinder
D:4:      layout_rooms, kennysheep_slug_shrine, serial_shops, shop,
          grunt_ministairs_8, minivault_1, brannock_xom_greatest_gift
D:5:      layout_loops_ring, evilmike_ruin_ashenzari, portal_sewer_entry_e
D:6:      layout_loops_ring, nicolae_ossuary_entry_plus,
          minmay_guarded_unrand_staff_of_olgreb
D:7:      layout_basic, minmay_temple_entry_mini_moons
D:8:      layout_basic, vehumet_altar_wand_db, kennysheep_mini, serial_shops,
          shop_fountains, nicolae_shop_stone, shop, shop, shop, uniq_erica
D:9:      layout_layer_cave, grunt_qazlal_clouds, kennysheep_mini_moat,
          lair_entry_dummy, zombieorc1_lemuel, serial_shops, shop_statue,
          ebering_ghost_disaster_area
D:10:     wad_lake_hut, layout_basic, hangedman_stone_soup, onia_ninara_cookie,
          uniq_urug, uniq_nergalle, uniq_gastronok
Lair:1:   layout_roguey, grunt_megastairs_3
Lair:2:   layout_regular_city, skrybe_swamp_entry_bodies

Skill      XL: |  1  2  3  4  5  6  7  8  9 10 11 |
---------------+----------------------------------+-----
Polearms       | 3 4 6 7 8 9 |  9.3
Stealth        | 1 3 4 5 |  5.8
Dodging        | 3 4 5 6 |  6.6
Armour         | 1 3 4 5 |  5.9
Fighting       | 4 5 6 |  6.9
Evocations     | 4 6 7 |  7.9
Staves         | 2 4 6 |  6.4
Shields        | 2 |  2.8
Throwing       | |  1.7
Charms         | |  0.9

Action                   |  1- 3 |  4- 6 |  7- 9 | 10-12 || total
-------------------------+-------+-------+-------+-------++-------
Melee: Trident           |   127 |   262 |   725 |       ||  1114
       Staff             |       |       |   111 |   500 ||   611
Throw: Throwing net      |       |     1 |       |       ||     1
Evoke: Wand              |       |       |     3 |     2 ||     5
       Staff of Olgreb   |       |       |       |     2 ||     2
  Use: Scroll            |       |    11 |     9 |     4 ||    24
       Potion            |       |     1 |     2 |       ||     3
 Stab: Sleeping          |     2 |     7 |    16 |     8 ||    33
       Distracted        |       |       |     4 |     4 ||     8
  Eat: Chunk             |       |    19 |    18 |    11 ||    48
Armor: Leather armour    |    35 |    64 |   175 |   110 ||   384
Dodge: Dodged            |   102 |   127 |   442 |   285 ||   956
Block: Buckler           |       |       |       |    33 ||    33

Table legend:
 A = Non-vault XP
 B = Vault XP
 C = Vault XP percentage of total XP
 D = Non-vault monster count
 E = Vault monster count
 F = Vault count percentage of total count
                 A         B        C        D         E       F
            +---------+---------+-------+---------+---------+-------
      Total |   15660 |    5825 |  27.1 |     246 |     132 |  34.9
            +---------+---------+-------+---------+---------+-------
        D:1 |      41 |       0 |   0.0 |      21 |       0 |   0.0
        D:2 |      82 |      34 |  29.3 |      23 |      11 |  32.4
        D:3 |     233 |     283 |  54.8 |      31 |       2 |   6.1
        D:4 |     149 |       4 |   2.6 |       9 |       1 |  10.0
        D:5 |     452 |      12 |   2.6 |      20 |       8 |  28.6
        D:6 |     806 |    1220 |  60.2 |      21 |      24 |  53.3
        D:7 |    1749 |       0 |   0.0 |      34 |       0 |   0.0
        D:8 |    2493 |     866 |  25.8 |      30 |       2 |   6.2
        D:9 |    1520 |    1494 |  49.6 |      17 |      29 |  63.0
       D:10 |     243 |     207 |  46.0 |       2 |       1 |  33.3
     Lair:1 |    5779 |    1139 |  16.5 |      27 |       2 |   6.9
     Lair:2 |    2113 |       0 |   0.0 |      11 |       0 |   0.0
      Sewer |       0 |     130 | 100.0 |       0 |      15 | 100.0
    Ossuary |       0 |     436 | 100.0 |       0 |      37 | 100.0
            +---------+---------+-------+---------+---------+-------
